 Dungeon Crawl Stone Soup version 0.19.1-1-g22dce08 (webtiles) character file.

61 Alarkh the Grave Robber (level 3, -21/24 HPs)
             Began as a Mummy Necromancer on Jan 10, 2017.
             Killed from afar by a big kobold (30 damage)
             ... with an exploding inner flame
             ... hexed by the player character
             ... in a sewer.
             The game lasted 00:02:52 (1615 turns).

Alarkh the Grave Robber (Mummy Necromancer)         Turns: 1615, Time: 00:02:53

Health: -21/24     AC:  2    Str: 11    XL:     3   Next: 83%
Magic:  4/7        EV: 12    Int: 15    God:
Gold:   39         SH:  0    Dex: 12    Spells: 2 memorised, 4 levels left

rFire  x . .     SeeInvis .     d - +0 dagger
rCold  + . .     Gourm    .     a - +0 robe
rNeg   + + +     Faith    .     (no shield)
rPois  ∞         Spirit   .     (no helmet)
rElec  .         Reflect  .     (no cloak)
rCorr  .         Harm     .     (no gloves)
MR     .....                    (no boots)
Stlth  ++........               (no amulet)
                                (no ring)
                                (no ring)

@: no status effects
A: no food or potions, fire vulnerability, cold resistance 1, negative energy
resistance 3, torment resistance, unbreathing
a: no special abilities


You were in a sewer.
You were not hungry.

You visited 1 branch of the dungeon, and saw 3 of its levels.
You also visited: Sewer.

You collected 39 gold pieces.

Inventory:

Hand Weapons
 d - a +0 dagger (weapon)
Armour
 a - a +0 robe (worn)
Scrolls
 c - 2 scrolls of immolation
 e - a scroll of fog {unknown}
 f - a scroll of amnesia {unknown}
 g - a scroll of fear {unknown}
Books
 b - a book of Necromancy

   Spells                             Type                      Level
   a - Pain                           Necromancy                   1
   b - Animate Skeleton               Necromancy                   1
   c - Vampiric Draining              Necromancy                   3
   d - Regeneration                   Charms/Necromancy            3
   e - Animate Dead                   Necromancy                   4
   f - Control Undead                 Necromancy                   4


   Skills:
 - Level 1.5 Dodging
 - Level 1.5 Stealth
 + Level 3.3 Spellcasting
 + Level 4.6 Necromancy


You had 4 spell levels left.
You knew the following spells:

 Your Spells              Type           Power        Failure   Level  Hunger
a - Pain                  Necr           ###.         3%          1    N/A
b - Vampiric Draining     Necr           ###.......   12%         3    N/A

Dungeon Overview and Level Annotations

Branches:
Dungeon (3/15)

Altars:


Innate Abilities, Weirdness & Mutations

You do not eat or drink.
Your flesh is vulnerable to fire.
You are immune to poison.
Your flesh is cold resistant. (rC+)
You are immune to negative energy. (rN+++)
You are immune to unholy pain and torment.
You can survive without breathing.


Message History

The kobold throws a stone.
The stone hits you but does no damage.
You see here a stone.
The kobold misses you.
You see here a bat corpse.
Okay, then.
As you read the scroll labeled QEIPLA TUPUTO, it crumbles to dust.
The creatures around you are filled with an inner flame!
It was a scroll of immolation.
The kobold barely misses you.
Casting: Pain
Confirm with . or Enter, or press ? or * to list all spells.
Aiming: Pain
Press: ? - help, Shift-Dir - straight line, f/p - kobold
Aim: a kobold, wielding a dagger (inner flame, chance to defeat MR: 87%)
The kobold writhes in agony!
The kobold explodes!
The fiery explosion engulfs the big kobold.
The big kobold explodes!
The fiery explosion engulfs you! The fire burns you terribly!
Ouch! That really hurt!
You die...

#.P...#
#.....#
##P....#
#..K..P#≈≈≈≈P.
#.....P#≈≈≈≈≈≈
#..KK..#≈≈≈≈≈
#.§§§..#≈≈≈#
#..§§≈≈#≈≈≈#
##§@§§P#≈≈≈#
##...P≈≈≈≈≈#
#....≈≈≈≈≈≈#
###...P#≈≈≈#
#P.(.#≈≈≈#
##''##≈≈≈#
#.(.)#≈≈≈#
#!!..#≈≈≈#
#..∩.#≈≈≈#


You could see 3 kobolds.

Vanquished Creatures
  A dart slug (D:1)
  A leopard gecko (D:1)
  An orc (D:3)
  A ball python (Sewer)
  7 bats
  2 giant cockroaches
  6 goblins
  7 hobgoblins
  6 jackals
  12 kobolds
  A frilled lizard (Sewer)
  7 rats
52 creatures vanquished.

Notes
Turn   | Place    | Note
-------+----------+-------------------------------------------
     0 | D:1      | Alarkh the Mummy Necromancer began the quest for the Orb.
     0 | D:1      | Reached XP level 1. HP: 13/13 MP: 3/3
   344 | D:1      | Reached XP level 2. HP: 19/19 MP: 3/5
   753 | D:1      | Reached XP level 3. HP: 24/24 MP: 2/7
   761 | D:1      | Learned a level 3 spell: Vampiric Draining
  1007 | D:2      | You fall through a shaft!
  1309 | D:3      | Found a glowing drain.
  1407 | Sewer    | Entered a sewer
  1575 | Sewer    | Noticed a big kobold
  1615 | Sewer    | Killed a big kobold
  1615 | Sewer    | Killed from afar by a big kobold

Skill      XL: |  1  2  3 |
---------------+----------+-----
Spellcasting   | 3 |  3.3
Dodging        | |  1.5
Stealth        | |  1.5
Necromancy     | |  4.6

Action                   || total
-------------------------++-------
Melee: Unarmed           ||    15
       Dagger            ||    41
 Cast: Pain              ||    83
  Use: Scroll            ||     1
Armor: Robe              ||    26
Dodge: Dodged            ||    66
